 Dungeon Crawl Stone Soup version 0.25.1-2-g60ff931df9 (webtiles) character file.

Game seed: 15414482724322561600

195 funkygono the Conjurer (level 5, -10/38 HPs)
             Began as a Draconian Conjurer on Aug 22, 2020.
             Mangled by a gnoll
             ... wielding a +3 spear of electrocution
              (19 damage)
             ... on level 3 of the Dungeon.
             The game lasted 00:08:21 (4074 turns).

funkygono the Conjurer (Draconian Conjurer)         Turns: 4074, Time: 00:08:21

Health: -10/38     AC:  8    Str: 10    XL:     5   Next: 45%
Magic:  6/9        EV: 12    Int: 17    God:
Gold:   117        SH:  0    Dex: 11    Spells: 3/10 levels left

rFire    + . .     SeeInvis .   g - +3 whip
rCold    x . .     Gourm    .   (no shield)
rNeg     . . .     Faith    .   (armour unavailable)
rPois    .         Spirit   .   (helmet restricted)
rElec    .         Reflect  .   t - +2 cloak
rCorr    .         Harm     .   (no gloves)
MR       .....                  (no boots)
Stlth    ++........             (no amulet)
HPRegen  0.12/turn              a - ring of fire
MPRegen  0.11/turn              (no ring)

@: no status effects
A: unfitting armour, cold-blooded, AC +5
a: no special abilities


You were on level 3 of the Dungeon.
You were not hungry.

You visited 1 branch of the dungeon, and saw 3 of its levels.

You collected 117 gold pieces.

Inventory:

Hand Weapons
 g - a +3 whip (weapon)
Missiles
 l - 104 stones (quivered)
Armour
 t - a +2 cloak (worn)
Jewellery
 a - a ring of fire (left hand)
Wands
 q - a wand of digging (7)
Scrolls
 e - 2 scrolls of magic mapping
 k - a scroll of teleportation
 n - 2 scrolls of fear
 r - 2 scrolls of remove curse
Potions
 f - 5 potions of curing
 i - a potion of heal wounds {unknown}
 j - 2 potions of might
 m - a potion of invisibility {unknown}
 o - a potion of haste {unknown}
 p - a potion of resistance {unknown}
Comestibles
 b - 8 rations


   Skills:
 + Level 0.7 Maces & Flails
 + Level 2.0 Dodging
 + Level 2.2 Stealth
 + Level 3.2 Spellcasting
 + Level 5.6 Conjurations
 * Level 0.5 Translocations


You had 3 spell levels left.
You knew the following spells:

 Your Spells              Type           Power        Failure   Level  Hunger
a - Magic Dart            Conj           ###.         1%          1    None
b - Searing Ray           Conj           ###...       2%          2    ##.....
c - Iskenderun's Mystic   Conj/Tloc      ##......     43%         4    ####...

Your spell library contained the following spells:

 Spells                   Type           Power        Failure   Level  Hunger
 Dazzling Flash           Conj/Hex       ##....       16%         3    ###....
 Fulminant Prism          Conj/Hex       ##........   47%         4    ####...


Dungeon Overview and Level Annotations

Branches:
Dungeon (3/15)

Altars:
Cheibriados

Annotations:
D:3 1 transporter, funkygono's ghost, amateur DrCj


Innate Abilities, Weirdness & Mutations

Your plain brown scales are hard. (AC +5)
You cannot fit into any form of body armour.
You are cold-blooded and may be slowed by cold attacks.


Message History

The gnoll hits something with a +0 halberd.
There is an open translucent door here.
Casting: Iskenderun's Mystic Blast (extremely dangerous; 47% risk of failure)
Confirm with . or Enter, or press ? or * to list all spells.
Aiming: Searing Ray (safe; 2% risk of failure)
Press: ? - help, Shift-Dir - straight line, f - gnoll
Aim: a gnoll, wielding a +3 spear of electrocution The searing ray misses the gnoll.
The searing ray hits the gnoll!
The gnoll is almost dead. (Press . to maintain the ray.)
The gnoll hits you from afar with a +3 spear of electrocution!
The searing ray hits the gnoll.
The gnoll is heavily wounded.
The searing ray hits the gnoll!
You kill the gnoll!
The gnoll hits you from afar with a +3 spear of electrocution.
* * * LOW HITPOINT WARNING * * *
You are electrocuted!!
Ouch! That really hurt!
You die...

##.≈≈#g#.#.###.©.###.#.#.#≈≈.
#.≈≈#...###.#####.###...#≈≈.
#.≈≈###......[........###≈≈.
#.≈≈.8#.######'######.#8.≈≈.
#.≈≈.##.#...#8.P#.⌠.#.##.≈≈.
#.≈≈.#..'$.:#⌠g.....'.g#.≈≈.
#.≈≈.##.#$..#8..#P⌠P#.##.≈≈.
#.≈≈.8#.######g######g#8.≈≈.
#.≈≈###....@.g)g......###≈≈.
#.≈≈#...###©#####.###..g#≈≈.
##.≈≈#.#.#.###.©.###.#.#.#≈≈.
#..≈≈#####..........(#####≈≈.
#..≈≈≈≈≈≈≈≈≈≈≈≈≈≈≈≈≈≈≈≈≈≈≈≈≈.
#..≈≈≈≈≈≈≈≈≈≈≈≈≈≈≈≈≈≈≈≈≈≈≈≈≈.
#............................
#.#.............####.####..##
#...........#.#.# #.# #.##


You could see 3 gnolls.

Vanquished Creatures
  A hound (D:3)
  An iguana (D:2)
  4 adders
  A gnoll (D:3)
  2 oozes (D:3)
  2 worms
  5 dart slugs
  3 leopard geckos
  2 orcs (D:3)
  5 giant cockroaches
  6 goblins
  8 hobgoblins
  2 quokkas
  3 bats
  6 frilled lizards
  13 kobolds
  7 rats
71 creatures vanquished.

Vanquished Creatures (others)
  3 plants (D:3)
3 creatures vanquished.

Grand Total: 74 creatures vanquished

Notes
Turn   | Place    | Note
-------+----------+-------------------------------------------
     0 | D:1      | funkygono the Draconian Conjurer began the quest for the
                  | Orb.
     0 | D:1      | Reached XP level 1. HP: 14/14 MP: 3/3
   434 | D:1      | Found a snail-covered altar of Cheibriados.
   469 | D:1      | Reached XP level 2. HP: 20/20 MP: 1/5
   612 | D:1      | Learned a level 2 spell: Searing Ray
  1658 | D:2      | Reached XP level 3. HP: 26/26 MP: 2/6
  2081 | D:2      | Reached XP level 4. HP: 33/33 MP: 3/8
  2128 | D:2      | Reached skill level 5 in Conjurations
  3282 | D:3      | Reached XP level 5. HP: 30/38 MP: 4/9
  3615 | D:3      | Found a transporter.
  3622 | D:3      | Noticed funkygono's ghost (amateur DrCj)
  3737 | D:3      | Found a transporter.
  3844 | D:3      | Found a faded altar of an unknown god.
  3976 | D:3      | Learned a level 4 spell: Iskenderun's Mystic Blast
  4074 | D:3      | Mangled by a gnoll

Illustrated notes

Levels and vault maps discovered:
D:1:      erik_arrival_cave_to_civilisation [erik_arrival_cave_to_hall],
          layout_basic, kennysheep_pointless_box, corexii_corridor_pit,
          cheibriados_altar_1
D:2:      layout_basic, minmay_misc_feat_x
D:3:      layout_rooms, first_ration, chequers_ecumenical_altar_twisty,
          gammafunk_ghost_gnarly_gnolls

Skill      XL: |  1  2  3  4 |
---------------+-------------+-----
Dodging        | 2 |  2.0
Stealth        | 2 |  2.2
Conjurations   | 5 |  5.6
Spellcasting   | 3 |  3.2
Maces & Flails | |  0.7
Translocations | |  0.5

Action                   |  1- 3 |  4- 6 || total
-------------------------+-------+-------++-------
Melee: Unarmed           |     1 |       ||     1
       Whip              |     2 |     4 ||     6
 Cast: Magic Dart        |    49 |    71 ||   120
       Searing Ray       |     4 |     6 ||    10
  Use: Scroll            |     7 |     7 ||    14
  Eat: Chunk             |     4 |     7 ||    11
Armor: Skin              |     1 |    12 ||    13
Dodge: Dodged            |     6 |    24 ||    30
